 Dungeon Crawl Stone Soup version 0.19-a0-753-gae73b43 (webtiles) character file.

1956 DungeonMaster the Skirmisher (level 8, -16/74 HPs)
             Began as a Pale Draconian Chaos Knight on June 25, 2016.
             Killed themself with a badly aimed iceblast (22 damage)
             ... on level 6 of the Dungeon.
             The game lasted 00:15:04 (4914 turns).

DungeonMaster the Skirmisher (DrCK)                 Turns: 4914, Time: 00:15:04

Health: -16/74     AC:  9    Str: 13 (15) XL:     8   Next: 99%
Magic:  10/10      EV: 15    Int: 12 (13) God:    Xom [*.....]
Gold:   314        SH:  0    Dex: 14      Spells: 0 memorised, 7 levels left

rFire  . . .     SeeInvis .     a - +2 hand axe (vamp)
rCold  . . .     Gourm    .     (armour unavailable)
rNeg   . . .     Faith    .     (no shield)
rPois  .         Spirit   .     (helmet restricted)
rElec  +         Dismiss  .     v - +1 cloak
rCorr  .         Reflect  .     (no gloves)
SustAt .         Harm     .     w - +0 pair of boots
MR     .....                    (no amulet)
Stlth  +.........               (no ring)
                                (no ring)

@: short of breath, drained, not resistant to hostile enchantments, very
unstealthy
A: breathe steam, unfitting armour, claws 1, hooves 2, stinger 1, agile 1,
blink, deterioration 1, high mp 1, electricity resistance, evolution 1,
cold-blooded, AC +6
a: Breathe Steam, Blink, Renounce Religion


You were on level 6 of the Dungeon.
You worshipped Xom.
You were a special plaything of Xom.
You were hungry.

You visited 1 branch of the dungeon, and saw 6 of its levels.

You collected 314 gold pieces.

Inventory:

Hand Weapons
 a - a +2 vampiric hand axe (weapon)
 e - a +2 flail of protection
 n - a +2 whip of electrocution
Missiles
 c - 162 stones (quivered)
 h - 51 sling bullets
 l - 133 arrows
 o - 46 bolts
Armour
 v - a +1 cloak (worn)
 w - a +0 pair of boots (worn)
Wands
 s - a wand of iceblast (13/15)
 x - a wand of slowing (16/48)
Scrolls
 b - 2 scrolls of teleportation
 i - a scroll of magic mapping
 k - 6 scrolls of remove curse
 u - a scroll of identify
Potions
 g - 2 potions of might
 j - a potion of lignification
 p - a potion of mutation {unknown}
 q - 3 potions of agility {unknown}
 r - a potion of brilliance {unknown}
 t - a potion of haste
Books
 m - a Necronomicon

   Spells                             Type                      Level
   a - Haunt                          Necromancy/Summoning         7
   b - Borgnjor's Revivification      Necromancy                   8
   c - Death's Door                   Charms/Necromancy            8
   d - Necromutation                  Transmutation/Necromancy     8
Comestibles
 d - a beef jerky
 f - a meat ration
 z - 2 fruits
 A - a bread ration


   Skills:
 * Level 7.8(6.9) Fighting
 * Level 7.3(6.4) Axes
 * Level 6.4(5.5) Dodging
 * Level 2.4(1.6) Evocations


You had 7 spell levels left.
You didn't know any spells.

Dungeon Overview and Level Annotations

Branches:
Dungeon (6/15)             Temple (0/1) D:5

Altars:
Ashenzari
Okawaru
Qazlal
Uskayaw
Yredelemnul

Annotations:
D:4 1 runed door
D:6 Edmund; tstbtto's ghost, novice NaFi


Innate Abilities, Weirdness & Mutations

You can breathe blasts of scalding, opaque steam.
Your pale cyan-grey scales are hard. (AC +6)
Your body does not fit into most forms of armour.
You are cold-blooded and may be slowed by cold attacks.
You have sharp fingernails.
You have hoof-like feet.
Your tail ends in a poisonous barb.
You are agile. (Dex +2)
You can translocate small distances at will.
Your body sometimes deteriorates upon taking damage.
You have an increased reservoir of magic. (+10% MP)
You are resistant to electric shocks. (rElec)
You evolve.


Message History

The giant frog closely misses you. The orc completely misses you.
Evoke which item? (* to show all) (? for menu, Esc to quit)
Zapping:
s - a wand of iceblast (will waste charges)
Press: ? - help, Shift-Dir - straight line, f - wight
Aim: a wight, wielding an enchanted flail and wearing a robe (summoned) That beam is likely to hit you.
Continue anyway?
The mass of ice explodes!
The iceblast engulfs the wight.
The wight partially resists.
The wight is moderately damaged.
The iceblast engulfs the wight.
The wight partially resists.
The wight is severely damaged.
The iceblast engulfs the wight.
The wight partially resists.
The wight is moderately damaged.
The iceblast engulfs the adder.
You kill the adder!
The adder's corpse disappears in a puff of smoke!
The iceblast engulfs you!
Xom is highly amused!
You die...
Xom bursts into laughter!

#. ##.### ....# ####
#...##...##
####...#.....##
#...<..z.......
#....zFoo....#
#....§z@o.W.# ##.##
####.zz###### #...#
#..o# #...#### #.#.#
#...##.## #...#
##...#.#.## ###.# .
......###.#####.####....
.....## ##....#.........
......###.###.#.####....


You could see an orc warrior, a giant frog, 5 wights, an orc wizard, tstbtto's
ghost and 2 orcs.

Vanquished Creatures
  Pikel (D:4)
  The ghost of tstbtto the Chopper, a novice NaFi of Yredelemnul (D:4)
  A slave (D:4)
  2 sky beasts (D:6)
  A black bear (D:6)
  An ogre (D:4)
  2 phantoms
  A centaur (D:5)
  2 scorpions (D:4)
  2 howler monkeys
  4 hounds
  A centaur skeleton (D:4)
  3 giant frog skeletons
  A worker ant (D:5)
  Terence (D:2)
  3 hound skeletons
  Robin (D:4)
  4 gnolls
  3 adders
  3 worms
  4 dart slugs
  4 giant geckos
  9 orcs
  3 ball pythons
  3 giant cockroaches
  15 goblins
  8 hobgoblins
  2 jackals (D:1)
  6 kobolds
  3 quokkas
  4 bats
  A giant cockroach zombie (D:5)
  4 giant newts
  12 rats
116 creatures vanquished.

Vanquished Creatures (collateral kills)
  A hobgoblin (D:3)
1 creature vanquished.

Vanquished Creatures (others)
  2 slaves (D:4)
2 creatures vanquished.

Grand Total: 119 creatures vanquished

Notes
Turn   | Place    | Note
--------------------------------------------------------------
     0 | D:1      | DungeonMaster the Draconian Chaos Knight began the quest for the Orb.
     0 | D:1      | Reached XP level 1. HP: 19/19 MP: 1/1
   166 | D:1      | Reached XP level 2. HP: 23/26 MP: 2/2
   754 | D:2      | Reached XP level 3. HP: 32/33 MP: 3/3
   938 | D:2      | XOM: divination: magic mapping
  1015 | D:2      | Noticed Terence
  1036 | D:2      | XOM: confuse monster(s)
  1052 | D:2      | Killed Terence
  1052 | D:2      | Reached XP level 4. HP: 40/40 MP: 4/4
  1206 | D:3      | HP: 2/40 [orc/hand axe (8)]
  1653 | D:3      | Found a hide-covered altar of Uskayaw.
  1673 | D:3      | Found a shattered altar of Ashenzari.
  1673 | D:3      | Found a stormy altar of Qazlal.
  1704 | D:3      | XOM: cast spell 'Discord'
  1884 | D:3      | XOM: summons friendly white imp
  1890 | D:3      | Reached XP level 5. HP: 39/47 MP: 5/5
  2135 | D:3      | XOM: give mutations
  2135 | D:3      | Gained mutation: You have sharp fingernails. [Xom's grace]
  2135 | D:3      | Gained mutation: You are agile. (Dex +2) [Xom's grace]
  2135 | D:3      | Gained mutation: You have large cloven feet. [Xom's grace]
  2269 | D:3      | XOM: give mutations
  2269 | D:3      | Gained mutation: You have an increased reservoir of magic. (+10% MP) [Xom's grace]
  2269 | D:3      | Gained mutation: Your tail ends in a poisonous barb. [Xom's grace]
  2269 | D:3      | Gained mutation: You evolve. [Xom's grace]
  2357 | D:3      | XOM: harmless Pois miscast
  2492 | D:4      | Noticed an ogre
  2502 | D:4      | XOM: cast spell 'Alistair's Intoxication'
  2507 | D:4      | Killed an ogre
  2507 | D:4      | Reached skill level 5 in Fighting
  2507 | D:4      | Reached XP level 6. HP: 56/56 MP: 6/6
  2618 | D:4      | Noticed tstbtto's ghost (novice NaFi)
  2622 | D:4      | XOM: potion effect (invisibility)
  2744 | D:4      | XOM: confuse monster(s)
  2800 | D:4      | XOM: summons 1 hostile demon
  2850 | D:4      | Reached skill level 5 in Axes
  2891 | D:4      | Noticed a slave
  2903 | D:4      | XOM: blink monster(s)
  2904 | D:4      | Noticed Pikel
  2904 | D:4      | Noticed a slave
  2904 | D:4      | Noticed a slave
  2904 | D:4      | Noticed a slave
  2909 | D:4      | Killed a slave
  2910 | D:4      | XOM: enchant monster (bad)
  2912 | D:4      | Killed a slave
  2912 | D:4      | Killed a slave
  2912 | D:4      | XOM: destruction
  2917 | D:4      | Killed Pikel
  2917 | D:4      | Reached skill level 5 in Dodging
  2917 | D:4      | Your scales start taking on a pale cyan-grey colour.
  2917 | D:4      | Reached XP level 7. HP: 26/63 MP: 7/7
  3111 | D:4      | Found a runed door.
  3111 | D:4      | Noticed a human
  3114 | D:4      | Found a basalt altar of Yredelemnul.
  3201 | D:4      | XOM: fog
  3215 | D:4      | XOM: enchant monster (bad)
  3378 | D:4      | XOM: polymorph worker ant -> scorpion
  3450 | D:4      | XOM: give mutations
  3450 | D:4      | Gained mutation: Your body sometimes deteriorates upon taking damage. [Xom's mischief]
  3450 | D:4      | Gained mutation: You have hoof-like feet. [Xom's mischief]
  3450 | D:4      | Gained mutation: You can translocate small distances at will. [Xom's mischief]
  3559 | D:4      | Noticed Robin
  3577 | D:4      | Killed Robin
  3584 | D:4      | Reached XP level 8. HP: 57/71 MP: 8/8
  3680 | D:4      | XOM: mild Conj miscast
  3728 | D:4      | Gained mutation: You are resistant to electric shocks. (rElec) [evolution]
  3731 | D:4      | Killed tstbtto's ghost
  3942 | D:5      | Entered Level 5 of the Dungeon
  4070 | D:5      | Found a staircase to the Ecumenical Temple.
  4241 | D:5      | XOM: divination: detect items
  4539 | D:5      | XOM: divination: detect items
  4601 | D:5      | Reached skill level 1 in Evocations
  4776 | D:6      | Noticed Edmund
  4795 | D:6      | Found an iron altar of Okawaru.
  4906 | D:6      | XOM: summons 4 hostile shadow creatures
  4908 | D:6      | Noticed tstbtto's ghost (novice NaFi)
  4914 | D:6      | Killed themself with a badly aimed iceblast

Vault maps used:
D:1:      roderic_dead_forest
D:2:      uniq_terence
D:3:      grunt_temple_overflow_open, cheibrodos_gnoll_hut
D:4:      dk_noncrumbling_4, dk_yredelemnul_ordeal, uniq_robin, uniq_pikel
D:5:      first_bread, grunt_ministairs_13
D:6:      kennysheep_okawaru_gauntlet, uniq_edmund

Skill      XL: |  1  2  3  4  5  6  7  8 |
---------------+-------------------------+-----
Fighting       | 4 5 6 7 |  7.8
Dodging        | 3 5 6 |  6.4
Axes           | 4 5 6 7 |  7.3
Evocations     | 2 |  2.4

Action                   |  1- 3 |  4- 6 |  7- 9 || total
-------------------------+-------+-------+-------++-------
Melee: Hand axe          |   109 |   208 |   201 ||   518
       Tailslap          |    11 |    23 |    20 ||    54
       Kick              |       |    29 |    33 ||    62
Throw: Stone             |       |       |     4 ||     4
 Abil: Breathe Steam     |       |       |    10 ||    10
  Use: Scroll            |     3 |     5 |     2 ||    10
       Potion            |       |     3 |       ||     3
 Stab: Sleeping          |     2 |     2 |       ||     4
       Paralysed         |     2 |       |       ||     2
       Confused          |     2 |     2 |       ||     4
       Invisible         |       |     2 |       ||     2
       Distracted        |       |       |     1 ||     1
  Eat: Bread ration      |     2 |       |       ||     2
       Chunk             |       |     3 |     7 ||    10
Armor: Skin              |    28 |    42 |    51 ||   121
Dodge: Dodged            |    70 |   156 |   155 ||   381
